Map: Orbital Shipyard

Players

JABolanyos

  • Race: Terran Terran
  • League: Silver

CaptRaynor - Winner!

  • Race: Zerg Zerg
  • League: Grandmaster

VOD

Have the link to the VOD?

Description

Time

  • Played on: Aug. 23, 2015, 12:19 a.m.
  • Length: 16:55
Show
View Real Time Build Order
Export as new Build Order

JABolanyos Terran 

Build Orders:  

Get SALT Encoding   

  12  0:02  SCV  
  13  0:14  SCV  
  14  0:19  Supply Depot  
  14  0:26  SCV  
  15  0:35  Refinery  
  15  0:42  Barracks  
  15  0:45  SCV  
  16  0:54  Supply Depot  
  16  1:01  SCV  
  17  1:12  Barracks  
  17  1:16  SCV  
  18  1:29  SCV  
  18  1:32  Reaper  
  20  1:42  SCV  
  21  2:08  Command Center  
  21  2:09  SCV  
  22  2:27  Marine  
  23  2:30  Barracks Tech Lab  
  23  2:38  SCV  
  23  2:39  Factory  
  24  2:50  Reaper x2  
  26  3:02  Orbital Command  
  25  3:38  Starport  
  25  3:45  Refinery  
  25  3:48  Refinery  
  25  3:54  SCV  
  26  4:01  Barracks Reactor  
  26  4:03  Barracks Reactor  
  26  4:06  SCV  
  27  4:21  SCV  
  28  4:31  Command Center  
  28  4:33  SCV  
  28  4:37  Barracks  
  29  4:39  Barracks x2  
  29  4:50  Siege Tank  
  32  5:01  Medivac  
  34  5:11  Marine x2  
  34  5:12  Marine x2  
  37  5:29  Marine  
  38  5:37  Marine x3  
  38  5:38  Marine x3  
  44  5:45  Starport Tech Lab  
  44  5:47  Marine  
  45  5:55  Marine x4  
  45  5:56  Marine  
  50  6:05  Engineering Bay  
  50  6:07  High Capacity Fuel Tanks  
  50  6:17  Barracks Reactor  
  50  6:18  Barracks Reactor x2  
  50  6:22  Refinery  
  50  6:30  Marine x4  
  54  6:36  Liberator  
  54  6:41  Siege Tank  
  57  6:48  Marine  
  61  7:15  Marine x5  
  61  7:26  Terran Infantry Weapons Level 1  
  61  7:37  Supply Depot  
  61  7:38  Supply Depot  
  61  7:40  Marine x2  
  63  7:58  Armory  
  62  8:10  Marine x4  
  66  8:18  Medivac  
  68  8:30  Planetary Fortress  
  68  8:39  Marine x4  
  68  8:40  Marine  
  73  8:56  Barracks  
  73  9:04  SCV  
  73  9:05  Barracks  
  73  9:07  SCV  
  75  9:19  Liberator  
  78  9:51  Barracks Tech Lab  
  78  9:53  Barracks Tech Lab  
  78  10:02  Liberator  
  78  10:07  Marine x3  
  78  10:08  Marine x5  
  89  10:22  Marine  
  87  10:45  Liberator  
  87  10:48  Missile Turret  
  87  10:49  Missile Turret  
  87  10:51  Missile Turret  
  87  10:53  Missile Turret  
  87  10:54  SCV  
  91  11:07  Stimpack  
  91  11:09  Combat Shields  
  91  11:16  Terran Infantry Weapons Level 2  
  91  11:27  Liberator  
  91  11:28  Marine x3  
  94  11:43  Marine  
  94  11:44  Marine x4  
  102  11:50  SCV x2  
  61  12:32  Liberator  
  55  13:03  Marine x6  
  55  13:04  Marine x3  
  64  13:11  Marine x2  
  64  13:12  Marine  
  67  13:15  Liberator  
  67  13:30  Marine x2  
  67  13:31  Marine x3  
  69  13:58  Liberator  
  63  14:11  Marine x6  
  72  14:38  Marine x2  
  72  14:39  Marine x6  
  72  14:41  Liberator  
  77  14:50  Marine x2  
  79  14:54  Marine  
  80  15:15  Marine x3  
  83  15:31  Marine x2  
  83  15:32  Marine x5  
  63  16:23  Marine  
  63  16:24  Marine  
  61  16:26  Marine  
  61  16:27  Marine  
Show
View Real Time Build Order
Export as new Build Order

CaptRaynor Zerg - Winner!

Build Orders: Hatch First, Muta Ling Bane 

Get SALT Encoding   

  12  0:01  Drone  
  13  0:12  Overlord  
  13  0:18  Drone  
  14  0:30  Drone x2  
  16  0:51  Hatchery  
  15  0:58  Drone x2  
  15  0:59  Drone  
  18  1:15  Spawning Pool  
  17  1:22  Overlord  
  17  1:31  Drone  
  18  1:37  Drone  
  19  1:43  Extractor  
  18  1:48  Drone  
  19  2:00  Drone  
  20  2:06  Queen x2  
  24  2:10  Zergling x4  
  26  2:42  Queen x2  
  26  2:43  Zergling x2  
  26  2:44  Zergling x10  
  36  3:16  Overlord  
  36  3:17  Overlord x2  
  36  3:20  Metabolic Boost  
  36  3:24  Extractor  
  35  3:42  Drone x4  
  35  3:43  Drone x2  
  41  3:58  Zergling x12  
  47  4:05  Baneling Nest  
  47  4:09  Extractor  
  45  4:11  Drone x2  
  47  4:39  Lair  
  47  4:41  Pneumatized Carapace  
  47  4:44  Hatchery  
  46  5:21  Roach Warren  
  45  5:37  Centrifical Hooks  
  45  5:45  Spire, Baneling  
  45  5:46  Baneling x4  
  44  5:51  Drone x8  
  44  5:52  Drone x7, Extractor  
  44  5:53  Drone  
  59  5:57  Overlord  
  59  6:02  Overseer  
  59  6:15  Queen  
  61  6:19  Overlord x2  
  61  6:27  Roach  
  61  6:28  Roach x3  
  66  6:58  Roach x5  
  66  6:59  Roach x5  
  66  7:00  Zergling x2  
  66  7:01  Zergling x2  
  88  7:08  Drone x3  
  87  7:23  Drone x2  
  87  7:25  Overlord x4  
  89  7:35  Zerg Flyer Weapons Level 1  
  89  7:46  Baneling  
  89  7:47  Baneling x6  
  89  8:18  Overlord x5  
  89  8:19  Overlord x2  
  89  8:20  Drone  
  89  8:21  Drone x3  
  93  8:43  Extractor  
  93  8:46  Extractor  
  93  8:48  Queen x3  
  97  9:24  Drone x3  
  97  9:25  Overlord x3  
  97  9:26  Overlord  
  99  9:35  Mutalisk x2  
  99  9:36  Mutalisk x6  
  99  9:37  Mutalisk  
  114  9:47  Zergling x2  
  114  9:48  Zergling x12  
  117  10:24  Drone x3  
  119  10:51  Roach x4  
  119  10:52  Roach x7  
  119  10:53  Roach  
  143  11:12  Overlord x3  
  143  11:16  Drone x6  
  149  11:18  Glial Reconstitution  
  149  11:23  Infestation Pit  
  148  11:33  Evolution Chamber  
  148  11:35  Zerg Flyer Weapons Level 2  
  148  11:36  Evolution Chamber  
  146  12:05  Zerg Melee Weapons Level 1  
  146  12:07  Hydralisk Den  
  113  12:35  Lurker Den  
  111  12:46  Zerg Missile Weapons Level 1  
  111  12:48  Hive  
  111  12:52  Mutalisk x6  
  111  12:53  Mutalisk x7  
  137  13:04  Zergling x2  
  137  13:05  Zergling x26  
  150  13:19  Baneling  
  150  13:22  Ravager x5  
  152  13:35  Hatchery  
  150  13:59  Zerg Ground Armor Level 1  
  150  14:17  Hydralisk x4  
  150  14:18  Hydralisk x8  
  150  14:19  Hydralisk x5  
  150  14:21  Zergling x2  
  175  14:39  Drone x7  
  177  14:57  Muscular Augments  
  177  15:15  Queen  
  177  15:18  Queen  
  181  15:40  Mutalisk  
Tags
 
Add a new tag
Caveats
  • Supply blocks, unpowered buildings, or Contaminate may cause inaccurate times.
  • Supply counts are checked every 10 seconds.